 Dungeon Crawl Stone Soup version 0.20.1-1-g8b1a95d (webtiles) character file.

35987 Jazqa the Stickfighter (level 13, -5/140 HPs)
             Began as a Minotaur Gladiator on Oct 30, 2017.
             Slain by a harpy (6 damage)
             ... summoned by Kirke
             ... on level 6 of the Lair of Beasts.
             The game lasted 00:31:09 (14013 turns).

Jazqa the Stickfighter (Minotaur Gladiator)        Turns: 14013, Time: 00:31:10

Health: -5/140     AC:  9    Str: 22 (23) XL:     13   Next: 50%
Magic:  12/12      EV:  2    Int:  7      God:    Xom [..*...]
Gold:   1017       SH:  0    Dex: 18      Spells: 12/12 levels left

rFire    + + .     SeeInvis +   x - +4 quarterstaff (chaos)
rCold    . . .     Gourm    +   (shield currently unavailable)
rNeg     + + +     Faith    .   n - +3 leather armour of Free Will {rN+ Str+3 Int+2}
rPois    ∞         Spirit   .   c - +0 hat
rElec    .         Reflect  .   w - +2 cloak {MR+}
rCorr    .         Harm     .   (no gloves)
MR       +....                  (no boots)
Stlth    +.........             R - amulet of the gourmand
Regen    0.8/turn               P - ring of poison resistance
MPRegen  0.2/turn               F - ring of protection from fire

@: petrified, slowed, glowing
A: retaliatory headbutt, claws 1, horns 2, thin skeletal structure 1, see
invisible, fire resistance 1, regeneration 1, robust 1, wild magic 1, evolution
1
a: Renounce Religion


You were on level 6 of the Lair of Beasts.
You worshipped Xom.
You were a toy of Xom.
You were completely stuffed.

You visited 3 branches of the dungeon, and saw 19 of its levels.
You also visited: Labyrinth and Ossuary.

You collected 1082 gold pieces.
You spent 65 gold pieces at shops.


Innate Abilities, Weirdness & Mutations

You reflexively headbutt those who attack you in melee.
You have a pair of horns on your head.
You have sharp fingernails.
You have a somewhat thin skeletal structure. (Dex +2, Stealth)
You have supernaturally acute eyesight. (SInv)
Your flesh is heat resistant. (rF+)
Your natural rate of healing is unusually fast.
You are robust. (+10% HP)
Your spells are a little harder to cast, but a little more powerful.
You evolve.


   Skills:
 + Level 16.0 Fighting
 + Level 16.3 Staves
 - Level 2.0 Throwing
 - Level 1.0 Armour
 + Level 13.5 Dodging


You had 12 spell levels left.
You didn't know any spells.

Inventory:

Hand Weapons
 b - a +0 quarterstaff of freezing
 x - a +4 quarterstaff of chaos (weapon)
Missiles
 d - 4 throwing nets (quivered) {=f}
Armour
 c - a +0 hat (worn)
 n - the +3 leather armour of Free Will (worn) {rN+ Str+3 Int+2}
   (You found it on level 8 of the Dungeon)

   It affects your strength (+3).
   It affects your intelligence (+2).
   It protects you from negative energy.
 w - a +2 cloak of magic resistance (worn)
Jewellery
 C - an uncursed ring of ice
 F - a ring of protection from fire (right claw)
 H - a +4 ring of dexterity
 P - a ring of poison resistance (left claw)
 R - an amulet of the gourmand (around neck)
Wands
 g - a wand of acid (6/15)
 J - a wand of lightning (9/15)
Scrolls
 h - 12 scrolls of teleportation {@r4}
 o - 2 scrolls of recharging
 p - 3 scrolls of blinking
 r - 3 scrolls of enchant weapon
 t - 7 scrolls of remove curse {@r2}
 v - 5 scrolls of magic mapping
 y - 2 scrolls of fear
 B - 3 scrolls of amnesia
 G - 9 scrolls of identify {@r1}
 K - 3 scrolls of enchant armour
Potions
 a - 4 potions of might
 e - a potion of ambrosia
 i - 3 potions of brilliance
 m - 2 potions of magic
 q - 4 potions of lignification {!q}
 s - 7 potions of curing {@q1}
 A - 2 potions of heal wounds {@q2}
 D - a potion of invisibility
 I - a potion of flight
 N - 2 potions of haste {@q3}
Books
 u - a book of Misfortune

   Spells                             Type                      Level
   a - Confusing Touch                Hexes                        1
   b - Confuse                        Hexes                        3
   c - Gell's Gravitas                Translocation                3
   d - Petrify                        Transmutation/Earth          4
   e - Metabolic Englaciation         Hexes/Ice                    5
   f - Yara's Violent Unravelling     Hexes/Transmutation          5
 M - a book of Cantrips

   Spells                             Type                      Level
   a - Confusing Touch                Hexes                        1
   b - Animate Skeleton               Necromancy                   1
   c - Summon Small Mammal            Summoning                    1
   d - Apportation                    Translocation                1
 S - a Necronomicon

   Spells                             Type                      Level
   a - Haunt                          Necromancy/Summoning         7
   b - Borgnjor's Revivification      Necromancy                   8
   c - Death's Door                   Charms/Necromancy            8
   d - Infestation                    Necromancy                   8
   e - Necromutation                  Transmutation/Necromancy     8
Miscellaneous
 z - a phial of floods
 L - a sack of spiders
Comestibles
 f - 14 bread rations {@e1}
 j - 31 fruits {@e2}
 k - 7 meat rations {@e1}
 l - 5 royal jellies {@e3}
 E - 3 chunks of flesh

Dungeon Overview and Level Annotations

Branches:
Dungeon (12/15)            Temple (1/1) D:7            Lair (6/6) D:11
  Swamp (0/4) Lair:3        Snake (0/4) Lair:3        Slime (0/5) Lair:5
    Orc: D:9-12

Altars:
Ashenzari
Cheibriados
Dithmenos
Elyvilon
Fedhas
Gozag
Hepliaklqana
Kikubaaqudgha
Makhleb
Nemelex Xobeh
Okawaru
Qazlal
Ru
Sif Muna
Trog
Uskayaw
Vehumet
Xom
Yredelemnul
Zin
The Shining One
Jiyva

Shops:
D:6 !   D:10 *

Portals:
Trove: D:10 (give 17 potions of curing)

Annotations:
Lair:5 1 runed door
Lair:6 Kirke, Nessos

......P##.###
P.....##### #.##.#......
......P# #.....%..#.#
........# ##.%.......##
......### #.....%.%P...
.P....######....P.......
P........##.....%....P.P
#..............lH†...)##
.......P...#P..H@h.....#
#....P#.....P.#.#@.#.##.
#.##.P.#P.......Ph#...
...†P.P#..P...<.P.......
.........#)P....#..#h...
#.###.P.#.#....##.## ##.
............#.P# #.
.....####..#...# ##
#.##.P##....#..#


You could see Kirke, 2 harpies, a basilisk and 2 hogs.


Message History

* * * LOW HITPOINT WARNING * * *
The hog bites something.
The harpy claws you.
* * * LOW HITPOINT WARNING * * *
The harpy completely misses you.
The harpy claws you but does no damage. x2
The hog bites you but does no damage. Kirke hits you.
* * * LOW HITPOINT WARNING * * *
The hog bites something but does no damage.
The basilisk gazes at you. You resist with almost no effort.
The harpy screeches! x2
The hog bites you. The harpy claws you!
* * * LOW HITPOINT WARNING * * *
The harpy claws you.
* * * LOW HITPOINT WARNING * * *
The hog bites something.
Kirke hits you!
* * * LOW HITPOINT WARNING * * *
The hog bites you!
* * * LOW HITPOINT WARNING * * *
The harpy claws you. The harpy claws you but does no damage.
The harpy claws you!
You die... "That's my toy, go get your own!"
Xom revives you! The harpy claws you.
* * * LOW HITPOINT WARNING * * *
The basilisk bites you but does no damage.
The harpy claws you but does no damage. The harpy claws you!
You die...
Xom roars with laughter!

Skill      XL: |  1  2  3  4  5  6  7  8  9 10 11 12 13 |
---------------+----------------------------------------+-----
Staves         | 4 5 6 8 10 11 12 14 15 16 | 16.3
Fighting       | 3 4 5 7 9 10 12 13 15 16 | 16.0
Dodging        | 4 5 7 9 11 12 13 | 13.5
Armour         | 1 |  1.0
Throwing       | |  2.0

Action                   |  1- 3 |  4- 6 |  7- 9 | 10-12 | 13-15 || total
-------------------------+-------+-------+-------+-------+-------++-------
Melee: Quarterstaff      |    83 |   147 |   320 |   497 |   188 ||  1235
       Headbutt          |    10 |    21 |    81 |   133 |    61 ||   306
  Use: Potion            |       |     3 |       |     7 |     2 ||    12
       Scroll            |       |       |    13 |     3 |     7 ||    23
 Stab: Sleeping          |       |     1 |     2 |     4 |     1 ||     8
       Petrified         |       |       |     1 |     5 |       ||     6
       Petrifying        |       |       |     1 |     3 |       ||     4
       Paralysed         |       |       |       |     3 |     6 ||     9
       Confused          |       |       |       |     1 |       ||     1
       Invisible         |       |       |       |       |     5 ||     5
  Eat: Chunk             |       |     7 |    12 |    16 |    18 ||    53
       Royal jelly       |       |       |       |     1 |       ||     1
Armor: Leather armour    |    23 |    28 |    38 |    56 |    36 ||   181
       Ring mail         |       |       |     6 |       |       ||     6
       Skin              |       |       |       |     3 |       ||     3
Dodge: Dodged            |    54 |   116 |   220 |   372 |   166 ||   928

Vault maps used:
D:1:      minmay_arrival_arboretum_small, minmay_tree_intersection
D:3:      portal_sewer_entry_b, bloody_makhleb
D:4:      first_bread, cheibrodos_gnoll_hut, uniq_duvessa,
          uniq_crazy_yiuf_cottage, uniq_robin
D:6:      serial_undead, serial_undead_e, serial_undead_a, serial_undead_e,
          serial_undead_c, serial_undead_c, serial_undead_a, serial_undead_a,
          serial_shops, shop, minmay_statues_item
D:7:      temple_green
D:8:      nicolae_ossuary_entry_plus, the_bakery, uniq_grum
D:9:      uniq_pikel, uniq_prince_ribbit1
D:10:     nicolae_trove_entry_crossroad, serial_shops, nicolae_shop_stone
D:11:     lair_entry_dummy
D:12:     minmay_stepped, david_orc_4, evilmike_ruin_ashenzari
Temple:   kilobyte_greek_temple
Lair:2:   nicolae_lair_grove_arrangements, disabler_island
Lair:3:   minmay_swamp_entry_worms, minmay_snake_entry_six_corridors,
          uniq_fannar
Lair:4:   lab_entry_generic, infiniplex_staircase_pool, serial_bayou_shore_a,
          minmay_lair_oklob_chamber, uniq_sonja, uniq_rupert
Lair:5:   slime_altar_2
Lair:6:   grunt_lair_end_beastmaster, grunt_megastairs_5, lemuel_fruit_tree,
          serial_bayou_shore_b, uniq_nessos, uniq_kirke
Lab:      nicolae_lab_plus, labyrinth_skeletal_remains, nicolae_lab_big_swirl,
          nicolae_lab_statue, nicolae_lab_dead_end
Ossuary:  ossuary_tomb_2

Notes
Turn   | Place    | Note
-------+----------+-------------------------------------------
     0 | D:1      | Jazqa the Minotaur Gladiator began the quest for the Orb.
     0 | D:1      | Reached XP level 1. HP: 18/18 MP: 0/0
   121 | D:1      | Reached XP level 2. HP: 25/25 MP: 1/1
   124 | D:1      | Reached skill level 4 in Staves
   160 | D:1      | Reached skill level 3 in Fighting
   275 | D:1      | Reached XP level 3. HP: 28/31 MP: 2/2
   786 | D:2      | Reached skill level 4 in Dodging
   863 | D:2      | Reached XP level 4. HP: 21/38 MP: 3/3
  1324 | D:3      | Reached skill level 4 in Fighting
  1327 | D:3      | Reached skill level 5 in Staves
  1327 | D:3      | Reached XP level 5. HP: 25/46 MP: 4/4
  1904 | D:3      | Reached skill level 5 in Dodging
  1969 | D:3      | Found a burning altar of Makhleb.
  1974 | D:3      | Reached XP level 6. HP: 48/55 MP: 5/5
  2506 | D:3      | Reached skill level 5 in Fighting
  2678 | D:4      | Noticed Robin
  2689 | D:4      | Killed Robin
  2756 | D:4      | Reached skill level 6 in Staves
  2910 | D:4      | Gained mutation: Your flesh is heat resistant. (rF+) [potion of mutation]
  2910 | D:4      | Gained mutation: You have supernaturally acute eyesight. (SInv) [potion of mutation]
  2913 | D:4      | Reached XP level 7. HP: 62/62 MP: 6/6
  2948 | D:4      | Reached skill level 6 in Fighting
  2948 | D:4      | Reached skill level 7 in Staves
  3224 | D:4      | Noticed Duvessa
  3226 | D:4      | Noticed Dowan
  3243 | D:4      | Killed Duvessa
  3260 | D:4      | Killed Dowan
  3843 | D:4      | Reached skill level 7 in Fighting
  3843 | D:4      | Reached skill level 8 in Staves
  3949 | D:4      | Reached XP level 8. HP: 71/73 MP: 7/7
  4056 | D:4      | Found a runed door.
  4060 | D:4      | Noticed Crazy Yiuf
  4065 | D:4      | Killed Crazy Yiuf
  4143 | D:5      | Entered Level 5 of the Dungeon
  4244 | D:5      | Reached skill level 8 in Fighting
  4295 | D:5      | Reached skill level 9 in Staves
  4924 | D:6      | Found Exzar's Distillery.
  4932 | D:6      | Bought a potion of heal wounds for 65 gold pieces
  4959 | D:6      | Reached skill level 9 in Fighting
  5035 | D:6      | Reached skill level 10 in Staves
  5208 | D:7      | Reached XP level 9. HP: 79/83 MP: 8/8
  5301 | D:7      | Reached skill level 6 in Dodging
  5362 | D:7      | Got an agate-encrusted ring mail
  5373 | D:7      | Identified the cursed +1 ring mail of Past Mistakes {-Cast Regen+ Int+2} (You found it on level 7 of the Dungeon)
  5405 | D:7      | Found a staircase to the Ecumenical Temple.
  5501 | Temple   | Entered the Ecumenical Temple
  5573 | Temple   | Became a worshipper of Xom of Fickle Intent
  5697 | D:7      | XOM: silly message
  5702 | D:7      | XOM: divination: detect creatures
  5714 | D:7      | Reached skill level 1 in Armour
  5845 | D:8      | Got a translucent leather armour
  5856 | D:8      | Identified the +3 leather armour of Free Will {rN+ Str+3 Int+2} (You found it on level 8 of the Dungeon)
  5921 | D:8      | XOM: summons 3 friendly demons
  6009 | D:8      | Found a sand-covered staircase.
  6018 | Ossuary  | Entered an ossuary
  6049 | Ossuary  | Reached skill level 10 in Fighting
  6072 | Ossuary  | XOM: scenery: 1 doors open, 1 doors close
  6196 | D:8      | Reached skill level 7 in Dodging
  6207 | D:8      | Noticed Grum
  6212 | D:8      | Killed Grum
  6212 | D:8      | Reached skill level 11 in Staves
  6241 | D:8      | XOM: enchant monster (good)
  6444 | D:8      | XOM: fog
  6509 | D:8      | XOM: enchant monster (good)
  6559 | D:8      | Reached XP level 10. HP: 68/94 MP: 9/9
  6680 | D:9      | Noticed Pikel
  6685 | D:9      | Noticed Pikel
  6685 | D:9      | Pikel changed into Pikel the black bear
  6685 | D:9      | XOM: polymorph Pikel -> Pikel the black bear
  6692 | D:9      | Killed Pikel the black bear
  6726 | D:9      | Reached skill level 11 in Fighting
  6726 | D:9      | Reached skill level 8 in Dodging
  6823 | D:9      | Noticed DariDude's ghost (novice MiFi)
  6827 | D:9      | XOM: cast spell 'Monstrous Menagerie'
  6833 | D:9      | Killed DariDude's ghost
  6846 | D:9      | XOM: give mutations
  6846 | D:9      | Gained mutation: You are robust. (+10% HP) [Xom's grace]
  6846 | D:9      | Gained mutation: Your natural rate of healing is unusually fast. [Xom's grace]
  6846 | D:9      | Gained mutation: You have sharp fingernails. [Xom's grace]
  6904 | D:9      | Reached skill level 12 in Staves
  6959 | D:9      | XOM: 1-stop teleportation journey
  7014 | D:9      | Noticed Prince Ribbit
  7021 | D:9      | XOM: fake destruction
  7027 | D:9      | Killed Prince Ribbit
  7101 | D:10     | Entered Level 10 of the Dungeon
  7106 | D:10     | XOM: polymorph yak -> golden eye
  7113 | D:10     | Reached skill level 9 in Dodging
  7113 | D:10     | XOM: polymorph yak -> meliai
  7118 | D:10     | XOM: scenery: 1 doors open
  7123 | D:10     | Reached skill level 12 in Fighting
  7229 | D:10     | Found a portal to a secret trove of treasure.
  7311 | D:10     | XOM: cast spell 'Statue Form'
  7365 | D:10     | Found Atatoti's Assorted Antiques.
  7716 | D:10     | Reached XP level 11. HP: 113/115 MP: 10/10
  7776 | D:11     | Noticed Jazqa's ghost (journeyman MfGl)
  7780 | D:11     | XOM: summons 2 friendly demons
  7946 | D:11     | XOM: summons friendly iron imp
  7958 | D:11     | Found a staircase to the Lair.
  8022 | D:11     | XOM: give mutations
  8022 | D:11     | Gained mutation: You have a somewhat thin skeletal structure. (Dex +2, Stealth) [Xom's grace]
  8022 | D:11     | Gained mutation: Your spells are a little harder to cast, but a little more powerful. [Xom's grace]
  8022 | D:11     | Gained mutation: Your flesh is very heat resistant. (rF++) [Xom's grace]
  8022 | D:11     | Gained mutation: You evolve. [Xom's grace]
  8063 | D:11     | XOM: fake destruction
  8066 | D:11     | Killed Jazqa's ghost
  8066 | D:11     | Reached skill level 13 in Staves
  8066 | D:11     | Reached skill level 10 in Dodging
  8232 | Lair:1   | Entered Level 1 of the Lair of Beasts
  8240 | Lair:1   | XOM: scenery: create altars
  8263 | Lair:1   | Lost mutation: Your flesh is very heat resistant. (rF++) [evolution]
  8275 | Lair:1   | XOM: god gift: 21 sling bullets
  8379 | Lair:1   | XOM: potion effect (agility)
  8454 | Lair:1   | Reached skill level 13 in Fighting
  8600 | Lair:1   | XOM: enchant monster (good)
  8651 | Lair:1   | XOM: god gift: scroll of teleportation
  8738 | Lair:1   | XOM: noise
  8858 | Lair:1   | XOM: noise
  8913 | Lair:2   | XOM: confuse monster(s)
  8915 | Lair:2   | XOM: polymorph water moccasin -> scorpion
  8937 | Lair:2   | XOM: polymorph blink frog -> hornet
  9004 | Lair:2   | XOM: enchant monster (good)
  9025 | Lair:2   | Noticed an oklob plant
  9031 | Lair:2   | Noticed an oklob plant
  9031 | Lair:2   | XOM: enchant monster (bad)
  9034 | Lair:2   | XOM: cast spell 'Alistair's Intoxication'
  9037 | Lair:2   | Killed an oklob plant
  9069 | Lair:2   | XOM: divination: magic mapping
  9073 | Lair:2   | Killed an oklob plant
  9073 | Lair:2   | Reached skill level 11 in Dodging
  9152 | Lair:2   | XOM: scenery: create altars
  9243 | Lair:2   | Reached skill level 14 in Staves
  9254 | Lair:2   | XOM: severe Pois miscast
  9306 | Lair:2   | XOM: blink monster(s)
  9327 | Lair:2   | XOM: 4-stop teleportation journey
  9357 | Lair:2   | XOM: polymorph crocodile -> hornet
  9362 | Lair:2   | Reached XP level 12. HP: 127/127 MP: 11/11
  9417 | Lair:2   | XOM: cast spell 'Ring of Flames'
  9551 | Lair:2   | Reached skill level 14 in Fighting
  9774 | Lair:2   | XOM: silly message
  9861 | Lair:3   | Noticed Jazqa's ghost (journeyman OgBe)
  9875 | Lair:3   | XOM: potion effect (berserk rage)
  9882 | Lair:3   | Found a staircase to the Snake Pit.
  9913 | Lair:3   | Noticed Fannar
  9925 | Lair:3   | Killed Fannar
  9981 | Lair:3   | XOM: harmless Chrm miscast
 10246 | Lair:3   | Found a staircase to the Swamp.
 10255 | Lair:3   | Reached skill level 12 in Dodging
 10435 | Lair:3   | XOM: harmless Fire miscast
 10651 | Lair:3   | XOM: potion effect (haste)
 10652 | Lair:3   | XOM: potion effect (brilliance)
 10655 | Lair:3   | XOM: silly message
 10660 | Lair:3   | XOM: potion effect (brilliance)
 10666 | Lair:3   | Killed Jazqa's ghost
 10667 | Lair:3   | Reached skill level 15 in Staves
 11158 | Lair:4   | Noticed Rupert
 11161 | Lair:4   | Paralysed by Rupert for 4 turns
 11180 | Lair:4   | Killed Rupert
 11180 | Lair:4   | Reached skill level 15 in Fighting
 11267 | Lair:4   | Found a labyrinth entrance.
 11291 | Lair:4   | XOM: potion effect (curing)
 11296 | Lab      | Entered a labyrinth
 11378 | Lab      | XOM: harmless Chrm miscast
 11425 | Lab      | XOM: medium Tloc miscast
 11626 | Lab      | XOM: god gift: shield {god gift}
 11803 | Lab      | XOM: harmless Erth miscast
 11948 | Lab      | Noticed a minotaur
 11958 | Lab      | Killed a minotaur
 11964 | Lab      | Got a crude leather armour
 11975 | Lab      | Identified the +0 leather armour of Cocytus {+Inv} (You found it in a labyrinth)
 12024 | Lair:4   | XOM: confuse monster(s)
 12026 | Lair:4   | XOM: summons 12 friendly demons
 12037 | Lair:4   | XOM: cleaving
 12048 | Lair:4   | Reached XP level 13. HP: 91/139 MP: 12/12
 12244 | Lair:4   | XOM: mild Ice miscast
 12274 | Lair:4   | Reached skill level 13 in Dodging
 12398 | Lair:4   | Noticed Sonja
 12420 | Lair:4   | XOM: mild Tmut miscast
 12426 | Lair:4   | Killed Sonja
 12441 | Lair:4   | XOM: cast spell 'Chain of Chaos'
 12597 | Lair:4   | XOM: potion effect (curing)
 12600 | Lair:4   | XOM: enchant monster (good)
 12623 | Lair:4   | XOM: polymorph blink frog -> unseen horror
 12849 | Lair:4   | XOM: harmless Hex miscast
 12860 | Lair:4   | XOM: noise
 13079 | Lair:5   | XOM: fog
 13101 | Lair:5   | Reached skill level 16 in Staves
 13235 | Lair:5   | XOM: fog
 13272 | Lair:5   | Found a runed door.
 13277 | Lair:5   | Found a viscous altar of Jiyva.
 13277 | Lair:5   | Found a staircase to the Slime Pits.
 13283 | Lair:5   | Noticed an acid blob
 13283 | Lair:5   | XOM: potion effect (heal wounds)
 13312 | Lair:5   | XOM: mild Ice miscast
 13719 | Lair:6   | Entered Level 6 of the Lair of Beasts
 13741 | Lair:6   | XOM: polymorph yak -> troll
 13742 | Lair:6   | XOM: destruction
 13749 | Lair:6   | Noticed Nessos
 13749 | Lair:6   | XOM: potion effect (invisibility)
 13756 | Lair:6   | XOM: divination: magic mapping
 13850 | Lair:6   | XOM: silly message
 13858 | Lair:6   | XOM: potion effect (might)
 13934 | Lair:6   | XOM: confuse monster(s)
 13993 | Lair:6   | Noticed Kirke
 13993 | Lair:6   | XOM: confuse monster(s)
 14002 | Lair:6   | XOM: harmless Necr miscast
 14003 | Lair:6   | Reached skill level 16 in Fighting
 14006 | Lair:6   | XOM: mild Chrm miscast
 14012 | Lair:6   | HP: 10/140 [Kirke (5)]
 14012 | Lair:6   | HP: 4/140 [hog[Kirke] (6)]
 14012 | Lair:6   | Xom revived you
 14012 | Lair:6   | HP: 1/140 [harpy[Kirke] (2)]
 14013 | Lair:6   | Slain by a harpy

Vanquished Creatures
  Rupert (Lair:4)
  The ghost of Jazqa the Fighter, a journeyman OgBe of Trog (Lair:3)
  A minotaur (Lab)
  The ghost of Jazqa the Spear-Bearer, a journeyman MfGl of Makhleb (D:11)
  2 hydras
  Fannar (Lair:3)
  Sonja (Lair:4)
  An unseen horror (Lair:4)
  5 oklob plants
  4 black mambas
  A torpor snail (Lair:3)
  10 spiny frogs
  8 komodo dragons
  A polar bear (shapeshifter) (Lair:5)
  A meliai (D:10)
  A polar bear (Lair:5)
  3 trolls
  2 hornets (Lair:2)
  12 blink frogs
  Prince Ribbit (D:9)
  3 tyrant leeches (Lair:3)
  7 hippogriffs
  2 dream sheep (Lair:3)
  A spriggan (D:8)
  12 yaks
  A wraith (D:9)
  A wyvern (D:11)
  3 hogs (Lair:6)
  A hog (shapeshifter) (Lair:6)
  4 fire bats (Lair:2)
  Grum (D:8)
  A golden eye (D:10)
  A hungry ghost (D:8)
  A soldier ant (D:9)
  15 water moccasins
  Duvessa (D:4)
  A swamp worm (Lair:3)
  6 porcupines
  An orc warrior (D:8)
  3 sky beasts
  2 slaves (D:9)
  4 ice beasts
  11 wolves
  4 black bears
  A phantom (D:4)
  2 ogres
  3 centaurs
  5 crocodiles
  16 bullfrogs
  Dowan (D:4)
  3 scorpions
  3 water moccasin zombies (Ossuary)
  6 killer bees (D:10)
  2 electric eels (Lair:4)
  2 howler monkeys
  4 crimson imps
  3 bullfrog zombies
  2 jellies
  A quasit (D:10)
  A centaur zombie (D:6)
  5 hounds
  4 orc priests
  A gnoll shaman (D:9)
  4 iguanas
  12 orc wizards
  Crazy Yiuf (D:4)
  2 centaur skeletons
  6 worker ants
  A killer bee zombie (D:6)
  4 hound zombies
  2 hound skeletons (D:8)
  2 mummies (Ossuary)
  2 worker ant zombies
  Robin (D:4)
  2 howler monkey zombies (D:6)
  6 gnolls
  A howler monkey skeleton (D:6)
  20 adders
  A shadow imp (D:6)
  6 oozes
  5 adder zombies
  4 adder skeletons
  2 worms (D:2)
  6 leopard geckos
  29 orcs
  6 giant cockroaches
  2 gnoll zombies (Ossuary)
  9 goblins
  15 hobgoblins
  9 jackals
  7 kobolds
  5 quokkas
  6 ball pythons
  A ball python skeleton (D:6)
  8 bats
  5 frilled lizards
  10 hobgoblin zombies (Ossuary)
  2 jackal skeletons
  A jackal zombie (D:6)
  6 kobold zombies (Ossuary)
  2 leopard gecko zombies (D:6)
  5 orc zombies (Ossuary)
  A quokka skeleton (D:7)
  A quokka zombie (D:6)
  8 rats
  2 fungi
  6 plants
446 creatures vanquished.

Vanquished Creatures (collateral kills)
  The ghost of DariDude the Blocker, a novice MiFi (D:9)
  2 oklob plants (Lair:4)
  A yak (Lair:4)
  An orc warrior (D:8)
  A bullfrog (Lair:4)
  An orc priest (D:8)
  2 orc wizards (D:8)
  4 orcs
13 creatures vanquished.

Vanquished Creatures (others)
  A water moccasin (Lair:6)
  2 slaves (D:9)
  An orc (D:9)
  7 fungi
  2 plants
13 creatures vanquished.

Grand Total: 472 creatures vanquished
